 Dungeon Crawl Stone Soup version 0.29.1-1-gd02db6906a (webtiles) character file.

Game seed: 17965489651134354362

170 Doomgape the Ruffian (level 5, -4/46 HPs)
             Began as a Troll Transmuter on Sept 16, 2022.
             Was an Initiate of Gozag.
             Slain by a black bear (5 damage)
             ... on level 4 of the Dungeon.
             The game lasted 00:06:23 (2775 turns).

Doomgape the Ruffian (Troll Transmuter)             Turns: 2775, Time: 00:06:24

Health: -4/46      AC:  4    Str: 20    XL:     5   Next: 25%
Magic:  5/6        EV:  9    Int:  9    God:    Gozag
Gold:   157        SH:  5    Dex: 10    Spells: 1/6 levels left

rFire   . . .      SeeInvis +     - Unarmed
rCold   . . .      Faith    .   (no shield)
rNeg    . . .      Spirit   .   a - +0 robe
rPois   +          Reflect  +   (helmet restricted)
rElec   .          Harm     .   (no cloak)
rCorr   .          Rampage  .   (gloves unavailable)
Will    +....                   (boots unavailable)
Stlth   +.........              o - amulet "Gawk" {Reflect rPois Will+ SH+5}
HPRegen 0.95/turn               m - ring of see invisible
MPRegen 0.10/turn               s - ring of wizardry

@: no status effects
A: large, unfitting armour, claws 3, regeneration 1, shaggy fur 1, tough skin 1
a: Renounce Religion, Potion Petition, Call Merchant, Bribe Branch


You were on level 4 of the Dungeon.
You worshipped Gozag.
Gozag was aware of your devotion.
You visited 1 branch of the dungeon, and saw 4 of its levels.

You collected 178 gold pieces.
You paid 21 gold pieces to Gozag.

Inventory:

Armour
 a - a +0 robe (worn)
Magical Staves
 j - a staff of cold
Jewellery
 l - the amulet "Waraedgho" {rN+ Will+ Regen+ rCorr}
   (You found it on level 4 of the Dungeon)

   [amulet of regeneration]

   rN:        It protects you from negative energy.
   Regen:     It increases your rate of health regeneration.
   rCorr:     It protects you from acid and corrosion.
   Will:      It increases your willpower.
 m - a ring of see invisible (left claw)
 o - the amulet "Gawk" (around neck) {Reflect rPois Will+ SH+5}
   (You found it on level 3 of the Dungeon)

   [amulet of reflection]

   It reflects blocked missile attacks.
   rPois:     It protects you from poison.
   SH:        It affects your SH (+5).
   Will:      It increases your willpower.
 s - a ring of wizardry (right claw)
Scrolls
 e - a scroll of magic mapping
 g - a scroll of teleportation
 i - a scroll of summoning
Potions
 b - 2 potions of lignification
 c - a potion of attraction {unknown}
 d - a potion of curing {unknown}
 f - 4 potions of berserk rage {unknown}
 h - 2 potions of heal wounds {unknown}
 k - a potion of brilliance {unknown}
 n - a potion of cancellation {unknown}
 p - a potion of ambrosia {unknown}
 r - a potion of haste {unknown}


   Skills:
 - Level 0.7 Fighting
 - Level 1.5 Dodging
 - Level 0.4 Stealth
 - Level 5.5 Unarmed Combat
 + Level 1.4 Spellcasting
 + Level 1.7 Transmutations


You had one spell level left.
You knew the following spells:

 Your Spells              Type           Power      Damage    Failure   Level
a - Beastly Appendage     Tmut           6%         N/A       8%          1
b - Ice Form              Ice/Tmut       2%         N/A       65%         4

Your spell library contained the following spells:

 Spells                   Type           Power      Damage    Failure   Level
 Wereblood                Tmut           3%         N/A       11%         2
 Spider Form              Tmut/Pois      2%         N/A       28%         3
 Passage of Golubria      Tloc           0%         N/A       77%         4
 Silence                  Hex/Air        0%         N/A       98%         5
 Lehudib's Crystal Spear  Conj/Erth      0%         10d2      100%        8


Dungeon Overview and Level Annotations

Branches:
Dungeon (4/15)
 Temple: D:4-7

Altars:
Gozag
Zin
The Shining One

Shops:
D:1 ([((?


Innate Abilities, Weirdness & Mutations

You are too large for most types of armour.
You have claws for hands.
Your natural rate of healing is unusually fast.
You are covered in fur. (AC +1)
You have tough skin. (AC +1)


Message History

You closely miss the black bear.
The black bear is almost dead.
The black bear goes berserk!
You barely miss the black bear. Your claw misses the black bear.
The black bear is almost dead.
The black bear barely misses you. The black bear claws you. x2
You barely miss the black bear.
The black bear is almost dead.
The black bear misses you.
The black bear claws you but does no damage.
The black bear barely misses you.
You barely miss the black bear.
The black bear is almost dead.
The black bear closely misses you. The black bear claws you.
The black bear closely misses you.
The black bear bites you but does no damage.
The black bear claws you but does no damage.
You block the black bear's attack.
You barely miss the black bear.
The black bear is almost dead.
The black bear bites you but does no damage.
You block the black bear's attack. The black bear closely misses you.
You scratch the black bear but do no damage.
The black bear is almost dead.
The black bear bites you! The black bear barely misses you.
The black bear claws you.
You scratch the black bear but do no damage.
The black bear is almost dead.
The black bear barely misses you. The black bear claws you. x2
You block the black bear's attack. The black bear claws you. x2
* * * LOW HITPOINT WARNING * * *
You barely miss the black bear. Your claw misses the black bear.
The black bear is almost dead.
The black bear bites you!
* * * LOW HITPOINT WARNING * * *
The black bear claws you.
* * * LOW HITPOINT WARNING * * *
The black bear claws you.
You die...
Your body crumbles into a pile of gold.

.....#.#........##.#****,* ****
...#.#.##.....#.##.# *,* *,,,
...#.#.###.........# *,* *,**
.......# ##.######## *,* *,,,
#....### #.# ###******,* ****
#.#.)# #.# #..,,,,,,,* *,, #....#
##'## #.#*****,,* *,* ###.##
##...###.# *,,* *,* ###.#
##.....##@#****#.,* *,, #.#.#
##.......#h#*,....,* *,*
....###.........h##.....*******,*
......'.................,,,,,,,,,
....###.................,,*****,,
#.#.# ##.......#$......#*,* *****
#...# ##.....##.......#*+***,,,,
#.### ##...###.......#*,,,*,***
#.* ##+## ##....##h,,,,*** *


You could see 2 black bears.

Vanquished Creatures
  A howler monkey (D:4)
  An iguana (D:4)
  4 adders
  An ufetubus (D:4)
  A worm (D:2)
  3 dart slugs
  2 ball pythons
  5 bats
  11 endoplasms
  2 giant cockroaches (D:1)
  6 goblins
  3 hobgoblins
  4 quokkas
  4 frilled lizards (D:1)
  2 kobolds
  8 rats
58 creatures vanquished.

Notes
Turn   | Place    | Note
-------+----------+-------------------------------------------
     0 | D:1      | Doomgape the Troll Transmuter began the quest for the Orb.
     0 | D:1      | Reached XP level 1. HP: 18/18 MP: 1/1
    97 | D:1      | Found Amolahyt's Magic Scroll Boutique.
   120 | D:1      | Reached XP level 2. HP: 26/26 MP: 2/2
   174 | D:1      | Found Fychaycoe's Weapon Emporium.
   200 | D:1      | Found Roriwuso's Antique Armour Shoppe.
   249 | D:1      | Found Vuliv's Weapon Shop.
   305 | D:1      | Found Sit Haad's Antique Weapon Boutique.
   380 | D:1      | Reached skill level 4 in Unarmed Combat
   511 | D:1      | You fall into a shaft and drop 1 floor!
   553 | D:2      | Reached XP level 3. HP: 31/32 MP: 3/3
  1167 | D:1      | Reached XP level 4. HP: 33/40 MP: 4/4
  1296 | D:2      | Learned a level 4 spell: Ice Form
  1836 | D:3      | Reached skill level 5 in Unarmed Combat
  1845 | D:3      | Identified the amulet "Gawk" {Reflect rPois Will+ SH+5}
  1883 | D:3      | Found a glowing golden altar of the Shining One.
  2108 | D:3      | Found an opulent altar of Gozag.
  2111 | D:3      | Identified the +5 ring mail of the Spheres {SInv}
  2115 | D:3      | Became a worshipper of Gozag Ym Sagoz the Greedy
  2613 | D:4      | Identified the amulet "Waraedgho" {rN+ Will+ Regen+ rCorr}
  2633 | D:4      | Found a glowing silver altar of Zin.
  2753 | D:4      | Noticed a black bear
  2756 | D:4      | Reached XP level 5. HP: 46/46 MP: 4/6
  2757 | D:4      | Noticed a black bear
  2775 | D:4      | HP: 1/46 [black bear (2)]
  2775 | D:4      | Slain by a black bear

Illustrated notes

Levels and vault maps discovered:
D:1:      lemuel_arrival_rhombus, layout_loops_ring, serial_shops,
          nicolae_shop_stone, nicolae_shop_crystal,
          nicolae_shop_advertising_works [nicolae_subvault_shop_adworks],
          nicolae_shop_crystal, shop
D:2:      layout_basic, hangedman_decor_peaks_small, minmay_domino_4
D:3:      layout_basic, mainiacjoe_overflow_chevrons,
          nicolae_tso_swordbearing_angel, kennysheep_cluttered_room,
          minmay_tree_intersection, kennysheep_cross_room
D:4:      layout_loops_corners, lemuel_coloured_pillars_altar, st_stairs_7,
          kennysheep_small_circle

Skill      XL: |  1  2  3  4 |
---------------+-------------+-----
Unarmed Combat | 4 5 |  5.5
Fighting       | |  0.7
Dodging        | |  1.5
Stealth        | |  0.4
Spellcasting   | |  1.4
Transmutations | |  1.7

Action                   |  1- 3 |  4- 6 || total
-------------------------+-------+-------++-------
Melee: Unarmed           |   102 |    61 ||   163
       Punch             |     1 |     1 ||     2
  Use: Scroll            |       |     6 ||     6
 Stab: Sleeping          |     3 |       ||     3
       Distracted        |     1 |       ||     1
Armor: Robe              |    28 |    11 ||    39
Dodge: Dodged            |    42 |    21 ||    63
Block: Other             |       |    10 ||    10
